 Dungeon Sprint DCSS version 0.27-a0-1256-gced786f65e (webtiles) character file.

Game seed: 9376593469135864921

35 mhtbhm the Ruffian (level 3, 0/36 HPs)
             Began as a Ghoul Monk on June 11, 2021.
             Slain by an orc wizard
             ... wielding a +0 dagger
              (3 damage)
             ... in the Dungeon (Sprint IX: "|||||||||||||||||||||||||||||").
             The game lasted 00:00:27 (204 turns).

mhtbhm the Ruffian (Ghoul Monk)                      Turns: 204, Time: 00:00:28

Health: 0/36       AC:  2    Str: 15    XL:     3   Next: 33%
Magic:  2/2        EV: 13    Int:  5    God:
Gold:   0          SH:  0    Dex: 11    Spells: 2/2 levels left

rFire    . . .     SeeInvis .     - Unarmed
rCold    + . .     Faith    .   (no shield)
rNeg     + + +     Spirit   .   a - +0 robe
rPois    ∞         Reflect  .   (no helmet)
rElec    .         Harm     .   (no cloak)
rCorr    .         Rampage  .   (no gloves)
Will     .....     NoTele   +   (no boots)
Stlth    ++........             (no amulet)
HPRegen  0.00/turn              (no ring)
MPRegen  0.08/turn              (no ring)

@: hasted, very quick
A: claws 1, cold resistance 1, negative energy resistance 3, inhibited
regeneration, torment resistance 2
a: no special abilities


You were in the Dungeon.
You visited 1 branch

Inventory:

Armour
 a - a +0 robe (worn)
Scrolls
 f - a scroll of blinking
Potions
 e - 2 potions of magic


   Skills:
 + Level 5.0 Fighting
 + Level 4.2 Dodging
 + Level 2.6 Stealth
 + Level 5.2 Unarmed Combat


You had 2 spell levels left.
You didn't know any spells.
Your spell library was empty.

Dungeon Overview and Level Annotations

Branches:
Dungeon (1/1)

Altars:


Innate Abilities, Weirdness & Mutations

You thrive by killing the living.
You are immune to poison.
You have sharp fingernails.
Your flesh is cold resistant. (rC+)
You are immune to negative energy. (rN+++)
You do not regenerate when monsters are visible.
You are immune to unholy pain and torment.


Message History

You bump into the unnaturally hard rock wall.
Something hits you.
You scratch something but do no damage. Something hits you.
Unknown command.
You feel better. Something hits you.
You completely miss something. Something hits you.
You completely miss something. Something hits you.
You barely miss something. Something hits you.
You claw something!
Unknown command.
You miss something. Something hits you.
You feel yourself speed up. Something hits you.
You miss something. Something barely misses you.
You closely miss something. Something hits you.
You miss something.
Unknown command.
You closely miss something.
You hear some strange, mumbled words.
You are confused.
You bump into the unnaturally hard rock wall.
Something hits you.
* * * LOW HITPOINT WARNING * * *
Unknown command.
Okay, then.
You bump into the unnaturally hard rock wall.
You completely miss something. Something hits you but does no damage.
You scratch something. Something hits you.
* * * LOW HITPOINT WARNING * * *
Unknown command.
Something hits you but does no damage.
You completely miss something. Something hits you.
* * * LOW HITPOINT WARNING * * *
You bump into the unnaturally hard rock wall.
You feel less confused.
You scratch something but do no damage. Something hits you.
* * * LOW HITPOINT WARNING * * *
Unknown command.
You miss something. You closely miss something. Something hits you.
You die... ▓▓▓▓▓▓▓▓▓▓▓▓▓▓▓▓▓▓ ▓<...))...@{OW...+ ▓▓▓▓▓▓▓▓▓▓▓▓▓▓▓▓▓▓

You could see a phantom and an ogre.

Vanquished Creatures
  An iguana (D)
  A dart slug (D)
  A jackal (D)
  A quokka (D)
  A ball python (D)
  A goblin (D)
  A kobold (D)
7 creatures vanquished.

Notes
Turn   | Place    | Note
-------+----------+-------------------------------------------
     0 | D        | mhtbhm the Ghoul Monk began the quest for the Orb.
     0 | D        | Reached XP level 1. HP: 19/19 MP: 0/0
   166 | D        | Noticed an iguana
   166 | D        | Noticed an orc wizard
   166 | D        | Noticed an ogre
   166 | D        | Noticed a phantom
   176 | D        | Killed an iguana
   177 | D        | Reached skill level 5 in Unarmed Combat
   177 | D        | Reached XP level 2. HP: 17/28 MP: 1/1
   177 | D        | Reached XP level 3. HP: 21/35 MP: 2/2
   179 | D        | Reached skill level 5 in Fighting
   204 | D        | Slain by an orc wizard

Illustrated notes

Levels and vault maps discovered:
D:        linesprint [early_d, line_temple, items_1, d_10, items_2, lair_1,
          lair_end, items_3, orc_1, orc_end, items_4, d_15, swamp_1, shoals_1,
          snake_1, spider_1, d_20, vaults_1, items_5, swamp_end, shoals_end,
          snake_end, spider_end, vaults_end, d_27, items_6, zot_1, zot_end,
          crypt_end, forest_end, elf_end, slime_end, tomb_end, abyss_end,
          pan_hell_end]

Skill      XL: |  1  2  3 |
---------------+----------+-----
Dodging        | 4 |  4.2
Fighting       | 4 5 |  5.0
Unarmed Combat | 5 |  5.2
Stealth        | |  2.6

Action                   || total
-------------------------++-------
Melee: Unarmed           ||    38
  Use: Potion            ||     3
Armor: Robe              ||     5
Dodge: Dodged            ||    10

Table legend: (Time is in decaauts)
 A = Elapsed time spent in this place.
 B = Non-inter-level travel time spent in this place.
 C = Inter-level travel time spent in this place.
 D = Time resting spent in this place.
 E = Time spent auto-exploring this place.
 F = Levels seen in this place.
 G = Mean time per level.
                   A        B        C        D        E       F      G
               +--------+--------+--------+--------+--------+-----+--------+
         Total |    196 |    196 |      0 |    146 |      0 |   1 |  196.0 |
       Dungeon |    196 |    196 |      0 |    146 |      0 |   1 |  196.0 |
               +--------+--------+--------+--------+--------+-----+--------+

Top non-repeatable levels by time:
       D: 196 daAuts
